Map: Chantier naval orbital

Players

Worming

  • Race: Zerg Zerg
  • League: Diamond

Viniar (ArT) - Winner!

  • Race: Zerg Zerg
  • League: Diamond

VOD

Have the link to the VOD?

Description

Time

  • Played on: Nov. 14, 2015, 5:40 a.m.
  • Length: 3:09
Show
View Real Time Build Order
Export as new Build Order

Worming Zerg 

Build Orders: Hatch First 

Get SALT Encoding   

  12  0:01  Drone  
  13  0:08  Drone  
  14  0:17  Overlord  
  14  0:29  Extractor  
  14  0:30  Drone  
  15  0:36  Drone x2  
  17  0:44  Drone  
  18  1:01  Extractor  
  18  1:02  Hatchery  
  18  1:03  Drone  
  17  1:16  Spawning Pool  
  16  1:20  Drone  
  17  1:26  Drone  
  18  1:34  Drone  
  19  1:42  Drone  
  20  1:49  Overlord  
  20  2:03  Queen, Spine Crawler  
  20  2:04  Zergling x2  
  23  2:12  Spine Crawler  
  23  2:14  Zergling x2  
  12  2:44  Drone  
  13  2:56  Drone x2  
Show
View Real Time Build Order
Export as new Build Order

Viniar Zerg - Winner!

Build Orders: Pool Only 

Get SALT Encoding   

  12  0:01  Drone  
  13  0:23  Spawning Pool  
  13  0:24  Drone  
  13  0:31  Extractor  
  12  0:36  Drone x2  
  14  0:45  Overlord  
  14  1:11  Zergling x6  
  17  1:12  Queen  
  19  1:22  Zergling x2  
  20  1:33  Zergling x2  
  20  1:36  Metabolic Boost  
  21  1:43  Overlord  
  21  1:55  Baneling Nest  
  21  1:57  Zergling x2  
  21  2:06  Zergling x2  
  22  2:17  Zergling x2  
  23  2:24  Zergling x6  
  26  2:33  Zergling x2  
  25  2:45  Baneling x5  
  25  2:47  Zergling x2  
Tags
 
Add a new tag
Caveats
  • Supply blocks, unpowered buildings, or Contaminate may cause inaccurate times.
  • Supply counts are checked every 10 seconds.